 Dungeon Crawl Stone Soup version 0.32-a0-541-gaa138b5 (webtiles) character file.

Game seed: 4251434000887703452

147074 syon the Warrior (level 16, -18/157 HPs)
             Began as a Minotaur Fighter on Feb 27, 2024.
             Was a High Priest of Okawaru.
             Demolished by a tyrant leech (40 damage)
             ... on level 4 of the Swamp on Feb 28, 2024.
             The game lasted 01:39:04 (25705 turns).

syon the Warrior (Minotaur Fighter)                Turns: 25705, Time: 01:39:04

Health: -18/157    AC: 22    Str: 30    XL:     16   Next: 91%
Magic:  21/21      EV:  2    Int:  2    God:    Okawaru [*****.]
Gold:   2114       SH: 31    Dex: 12    Spells: 15/15 levels left

rFire   . . .        P - +4 broad axe "Firo" {holy, rElec rPois Int-3}
rCold   + . .        O - +18 shield of the Gong {Loud rN+ Will+ rCorr EV-5}
rNeg    + + .        g - +0 plate armour {rC+}
rPois   +            (helmet restricted)
rElec   +            E - +2 cloak of the Thief {*Fog Slay-2 SInv Stlth+}
rCorr   +            v - +0 pair of gloves
SInv    +            (no boots)
Will    ++...        p - amulet of regeneration Stlth
                     y - +5 ring of evasion
HPRegen 1.26/turn    T - ring of Kunaon {rN+ rCorr Str+3 Stlth+}
MPRegen 0.17/turn

%: no passive effects
@: grasped by roots, constricted, very slow
A: horns 2, retaliatory headbutt
a: Renounce Religion, Heroism, Finesse, Duel


You were on level 4 of the Swamp.
You worshipped Okawaru.
Okawaru was extremely pleased with you.
You visited 5 branches of the dungeon, and saw 27 of its levels.
You also visited: Sewer, Ossuary, Gauntlet and Ice Cave.

You collected 3739 gold pieces.
You spent 1625 gold pieces at shops.

Inventory:

Hand Weapons
 l - the +10 war axe of Friendship {freeze, Stlth+}
   (Okawaru gifted it to you on level 4 of the Lair of Beasts)

   Stlth+:    It makes you more stealthy.
 P - the +4 broad axe "Firo" (weapon) {holy, rElec rPois Int-3}
   (You took it off a yaktaur captain on level 14 of the Dungeon)

   Int-3:     It affects your intelligence (-3).
   rElec:     It insulates you from electricity.
   rPois:     It protects you from poison
Missiles
 H - 3 silver javelins
 N - 2 throwing nets {!f}
 W - 11 javelins (quivered)
Armour
 g - a +0 plate armour of cold resistance (worn)
 u - a +0 tower shield
 v - a +0 pair of gloves (worn)
 E - the +2 cloak of the Thief (worn) {*Fog Slay-2 SInv Stlth+}
   (Okawaru gifted it to you on level 4 of the Lair of Beasts)

   *Fog:      It may release a thick cloud of smoke when the wearer is hurt.
   Slay-2:    It affects your accuracy & damage with ranged weapons and melee
   (-2).
   SInv:      It lets you see invisible.
   Stlth+:    It makes you more stealthy.
 O - the +18 shield of the Gong (worn) {Loud rN+ Will+ rCorr EV-5}
   (You bought it in a shop on level 2 of the Orcish Mines)

   Loud:      It is deafeningly noisy when blocking attacks.
   EV-5:      It affects your evasion (-5).
   rN+:       It protects you from negative energy.
   Will+:     It increases your willpower.
   rCorr:     It protects you from acid and corrosion.
Jewellery
 m - a ring of poison resistance
 p - an amulet of regeneration (around neck)
 s - a ring of protection from cold
 y - a +5 ring of evasion (left hand)
 B - a +5 ring of evasion
 I - the amulet "Toed Rya" {Acrobat Fly rElec Str+3}
   (You found it on level 4 of the Lair of Beasts)

   [amulet of the acrobat]

   Acrobat:   It increases your evasion while moving and waiting.
   Str+3:     It affects your strength (+3).
   rElec:     It insulates you from electricity.
   Fly:       It grants you flight.
 L - a +4 ring of protection
 Q - the ring of Vajuon {rElec rF+ Str+3 Int-5}
   (You found it on level 1 of the Lair of Beasts)

   [ring of protection from fire]

   Str+3:     It affects your strength (+3).
   Int-5:     It affects your intelligence (-5).
   rF+:       It protects you from fire.
   rElec:     It insulates you from electricity.
 S - an amulet of reflection
 T - the ring of Kunaon (right hand) {rN+ rCorr Str+3 Stlth+}
   (You found it in a Gauntlet)

   [ring of positive energy]

   Str+3:     It affects your strength (+3).
   rN+:       It protects you from negative energy.
   rCorr:     It protects you from acid and corrosion.
   Stlth+:    It makes you more stealthy.
 V - the ring of Paranoia {rF- rC++ rN+ Int+4}
   (You found it in a Gauntlet)

   [ring of positive energy]

   Int+4:     It affects your intelligence (+4).
   rF-:       It makes you vulnerable to fire.
   rC++:      It greatly protects you from cold.
   rN+:       It protects you from negative energy.
Wands
 c - a wand of roots (26)
 Y - a wand of quicksilver (24)
 Z - a wand of mindburst (42)
Scrolls
 d - 8 scrolls of vulnerability
 e - 7 scrolls of fog {!r}
 h - 3 scrolls of enchant armour
 i - 3 scrolls of brand weapon
 j - 3 scrolls of immolation
 r - 4 scrolls of identify
 t - 2 scrolls of amnesia
 A - 5 scrolls of teleportation {!r}
 D - 2 scrolls of blinking
 K - 3 scrolls of revelation {!r}
 M - 6 scrolls of fear {!r}
 R - 4 scrolls of silence {!r}
 U - 2 scrolls of enchant weapon
Potions
 a - 2 potions of resistance {!q}
 b - 3 potions of haste {!q}
 f - 3 potions of invisibility {!q}
 k - 2 potions of heal wounds {!q}
 n - 4 potions of might {!q}
 o - a potion of berserk rage {!q}
 q - 9 potions of curing {!q}
 w - a potion of attraction
 x - 3 potions of lignification {!q}
 z - 3 potions of cancellation {!q}
 C - 2 potions of magic {unknown}
 F - 3 potions of enlightenment {!q!q}
 G - 8 potions of ambrosia {!q}
 J - 3 potions of brilliance {!q}
Miscellaneous
 X - a tin of tremorstones (2/2)


   Skills:
 + Level 18.0 Fighting
 + Level 17.7 Axes
 - Level 7.0 Throwing
 + Level 14.7 Armour
 + Level 10.7 Dodging
 * Level 16.3 Shields
 + Level 9.2 Invocations


You had 15 spell levels left.
You didn't know any spells.
Your spell library contained the following spells:

 Spells                   Type           Power      Damage    Failure   Level
 Necrotise                Necr           0%         1d4       99%         1
 Shock                    Conj/Air       0%         1d3       99%         1
 Sting                    Conj/Alch      0%         1d3       99%         1
 Cigotuvi's Dreadful Rot  Necr/Alch/Air  0%         N/A       100%        2
 Ensorcelled Hibernation  Hex/Ice        0%         N/A       100%        2
 Jinxbite                 Hex            0%         N/A       100%        2
 Mercury Vapours          Alch/Air       0%         N/A       100%        2
 Gell's Gravitas          Tloc           0%         N/A       100%        3
 Inner Flame              Hex/Fire       0%         N/A       100%        3
 Passwall                 Erth           0%         N/A       100%        3
 Swiftness                Air            0%         N/A       100%        3
 Teleport Other           Tloc           0%         N/A       100%        3
 Vampiric Draining        Necr           0%         2d6       100%        3
 Airstrike                Air            0%         2d(0-16)  100%        4
 Anguish                  Hex/Necr       0%         N/A       100%        4
 Cause Fear               Hex            0%         N/A       100%        4
 Dispel Undead            Necr           0%         3d6       100%        4
 Flame Wave               Conj/Fire      0%         2d4       100%        4
 Manifold Assault         Tloc           0%         N/A       100%        4
 Sticky Flame             Fire/Alch      0%         2d4       100%        4
 Curse of Agony           Necr           0%         N/A       100%        5
 Fireball                 Conj/Fire      0%         3d3       100%        5
 Yara's Violent Unravell  Hex/Alch       0%         3d3       100%        5
 Dispersal                Tloc           0%         N/A       100%        6
 Enfeeble                 Hex            0%         N/A       100%        7
 Borgnjor's Revivificati  Necr           0%         N/A       100%        8
 Disjunction              Tloc           0%         N/A       100%        8
 Martyr's Knell           Necr/Summ      Unusable   N/A       N/A         4
 Death Channel            Necr           Unusable   N/A       N/A         6
 Infestation              Necr           Unusable   N/A       N/A         8
 Dragon's Call            Summ           Unusable   N/A       N/A         9

Dungeon Overview and Level Annotations

Branches:
Dungeon (15/15)            Temple (1/1) D:7            Lair (5/5) D:8
  Swamp (4/4) Lair:2        Snake (0/4) Lair:3        Slime (0/5) Lair:4
    Orc (2/2) D:9             Elf (0/3) Orc:2        Vaults (0/5) D:13
 Depths (0/4) D:15          Sewer (visited)         Ossuary (visited)
  IceCv (visited)         Gauntlet (visited)

Altars:
Ashenzari
Cheibriados
Dithmenos
Elyvilon
Fedhas
Gozag
Hepliaklqana
Kikubaaqudgha
Makhleb
Nemelex Xobeh
Okawaru
Qazlal
Ru
Sif Muna
Trog
Uskayaw
Vehumet
Wu Jian
Xom
Yredelemnul
Zin
The Shining One
Beogh
Jiyva

Shops:
D:3 :   D:4 *   Orc:2 [[([?


Innate Abilities, Weirdness & Mutations

You have a pair of horns on your head.
You reflexively headbutt those who attack you in melee.


Message History

You hit the shambling mangrove but do no damage.
You miss the tyrant leech. You slash the hornet! You hit the hornet.
You block the swamp dragon's attack.
PTOANNNG!
You block the swamp dragon's attack.
SHROANNG!
You block the swamp dragon's attack.
BONNNG!
The spriggan rider hits you but does no damage.
The tyrant leech bites you!!
* * * LOW HITPOINT WARNING * * *
The tyrant leech draws strength from your injuries!
The hornet stings you.
* * * LOW HITPOINT WARNING * * *
You hear a roar!
Taken [37] Damage!
You left [53]HP Unknown command.
Unknown command.
You slash the swamp dragon! You headbutt the swamp dragon!
The swamp dragon is almost dead.
You hit the tyrant leech but do no damage.
You slash the hornet! You hit the hornet. You slash the shambling mangrove!
You slice the hornet!!
The hornet stings you but does no damage.
You block the hornet's attack.
PANG!
You block the hornet's attack.
BOUMMMMG!
You block the swamp dragon's attack.
GONNNNG!
The swamp dragon claws you but does no damage.
The swamp dragon tramples you!
* * * LOW HITPOINT WARNING * * *
You are held in place!
The shambling mangrove hits you!!
* * * LOW HITPOINT WARNING * * *
With a swish of your cloak, you release a cloud of fog.
The grasping roots constrict you.
The spriggan rider hits you but does no damage.
The tyrant leech bites you!!!
You die...

~~§~.~~♣♣~....♣
~.~~~~~....~.♣
♣...~....~~.(♣♣
.
♣~~.♣...<...~♣~♣
♣~♣..~†~~....~♣
#§.~~~~~~~~..♣♣
#♣..~~§§§~~~~♣
#♣~~~~yy§~~.♣♣
#~.~~iD@y§..~♣
♣..~~~fwk~.~~♣
.~~.~~~~~§§~.♣♣
♣~~~~~~~~~~~~.♣
~.~..~~~~~~..~.♣
~..♣....♣.~~~..
♣♣♣♣♣♣♣♣♣.~~~~~
~~~~~.


You could see a shambling mangrove, a swamp dragon (strong), a tyrant leech
(strong), a spriggan rider, 3 hornets and a swamp drake (strong).

Vanquished Creatures
  A ghoul (Swamp:2)
  6 eleionomae
  A minotaur (Gauntlet)
  6 bunyips
  The ghost of Qiar the Fighter, a journeyman DsGl of Cheibriados (Lair:4)
  2 shambling mangroves
  3 fire dragons
  A yaktaur captain (D:14)
  Harold (D:9)
  4 vault guards (D:13)
  12 hydras
  2 ghost crabs
  2 ogre magi (Orc:1)
  An ice dragon (D:15)
  A catoblepas (Lair:4)
  2 boulder beetles
  6 alligators
  2 centaur warriors (D:15)
  A dancing weapon (D:14)
  4 two-headed ogres
  The ghost of Remcycle the Spear-Bearer, a novice MfMo of Okawaru (Lair:1)
  2 tengu warriors (D:13)
  An occultist (D:13)
  8 death yaks
  2 hell hogs (D:13)
  Sonja (Orc:1)
  4 orc high priests (Orc:2)
  8 spriggans
  A death drake (Swamp:3)
  2 goliath frogs
  A skyshark (Lair:4)
  6 bog bodies
  2 spriggan druids
  3 arcanists
  5 swamp dragons
  A necromancer (IceCv)
  Pikel (D:7)
  4 thermic dynamos (D:13)
  6 orc knights
  A deep elf pyromancer (D:14)
  7 orc sorcerers
  6 cyclopes
  2 will-o-the-wisps
  4 ugly things (D:15)
  2 manticores
  4 kobold blastminers
  2 moths of wrath (Lair:1)
  7 black mambas
  15 elephants
  2 ice statues (IceCv)
  An apocalypse crab (Gauntlet)
  A torpor snail (Lair:3)
  27 cane toads
  2 efreet
  3 rime drakes
  14 komodo dragons
  2 freezing wraiths (IceCv)
  2 kobold demonologists
  6 ice devils
  8 trolls
  2 anaconda simulacra (IceCv)
  A queen bee (Lair:2)
  3 polar bears
  A queen bee (shapeshifter) (D:14)
  A bloated husk (Swamp:3)
  19 hornets
  8 tyrant leeches
  26 blink frogs
  5 dream sheep (Lair:4)
  4 slime creatures (D:13)
  A centaur simulacrum (D:15)
  A dire elephant simulacrum (IceCv)
  A vampire (D:10)
  3 wraiths
  5 basilisks
  62 yaks
  3 wyverns
  5 steam dragons
  2 wargs
  12 swamp worms
  2 death yak simulacra (IceCv)
  32 vampire mosquitoes
  3 nagas (Lair:3)
  4 harpy simulacra (IceCv)
  4 acid dragons
  3 hydra simulacra (IceCv)
  An ice beast (D:6)
  22 water moccasins
  Pargi (Sewer)
  21 orc warriors
  2 swamp drakes (Swamp:4)
  2 sky beasts
  4 laughing skulls (D:14)
  An ettin simulacrum (D:13)
  2 black bears (D:6)
  20 wolves
  4 ogres
  7 centaurs
  A phantom (D:6)
  3 lemures (D:7)
  2 elf zombies (Ossuary)
  7 kobold brigands
  17 bullfrogs
  A scorpion (D:6)
  2 two-headed ogre simulacra (IceCv)
  A burial acolyte (Ossuary)
  12 wights
  29 killer bees
  2 howler monkeys
  3 electric eels (D:8)
  2 centaur zombies (Ossuary)
  3 human zombies (Ossuary)
  A jelly (Sewer)
  19 orc priests
  Crazy Yiuf (D:3)
  2 bombardier beetles
  2 sleepcaps (D:7)
  7 hounds
  An iguana (D:6)
  25 orc wizards
  5 hell rats (Lair:2)
  A crocodile zombie (Ossuary)
  A hound zombie (Ossuary)
  3 mummies (Ossuary)
  8 gnolls
  6 adders
  3 shadow imps
  3 white imps
  An ufetubus (IceCv)
  4 adder zombies (Ossuary)
  A ribbon worm (D:3)
  89 orcs
  6 ball pythons
  4 endoplasms
  8 giant cockroaches
  4 goblins
  6 hobgoblins
  2 jackals (D:2)
  9 quokkas
  5 ball python zombies (Ossuary)
  6 bats
  2 frilled lizards
  2 gnoll zombies (Ossuary)
  3 jackal zombies (Ossuary)
  10 kobolds
  4 kobold zombies (Ossuary)
  2 orc zombies (Ossuary)
  A rat (D:2)
878 creatures vanquished.

Vanquished Creatures (others)
  An orc priest (D:13)
  An orc wizard (Orc:2)
  An orc (D:13)
  8 foxfires
11 creatures vanquished.

Grand Total: 889 creatures vanquished

Notes
Turn   | Place    | Note
-------+----------+-------------------------------------------
     0 | D:1      | syon the Minotaur Fighter began the quest for the Orb.
     0 | D:1      | Reached XP level 1. HP: 19/19 MP: 0/0
   113 | D:1      | You fall into a shaft and drop 1 floor!
   153 | D:2      | Reached XP level 2. HP: 27/27 MP: 1/1
   343 | D:1      | Reached skill level 4 in Fighting
   413 | D:1      | Found a faded altar of an unknown god.
   802 | D:2      | Reached XP level 3. HP: 33/33 MP: 2/2
  1316 | D:3      | Found a glowing drain.
  1328 | Sewer    | Entered a sewer
  1339 | Sewer    | Reached XP level 4. HP: 35/41 MP: 3/3
  1388 | Sewer    | Noticed Pargi
  1399 | Sewer    | Killed Pargi
  1400 | Sewer    | Reached XP level 5. HP: 26/47 MP: 4/4
  1546 | Sewer    | Reached skill level 5 in Fighting
  1546 | Sewer    | Reached skill level 5 in Armour
  1546 | Sewer    | Reached skill level 5 in Shields
  1672 | D:3      | Found a broken altar of Ashenzari.
  1710 | D:3      | Reached XP level 6. HP: 49/56 MP: 5/5
  1864 | D:3      | Found Ciweenog's Vocational Training.
  1961 | D:3      | Found a glowing silver altar of Zin.
  1974 | D:3      | Found a blossoming altar of Fedhas.
  1974 | D:3      | Found a sparkling altar of Nemelex Xobeh.
  2127 | D:3      | Found a runed translucent door.
  2224 | D:3      | Noticed Crazy Yiuf
  2230 | D:3      | Killed Crazy Yiuf
  2480 | D:4      | Found Tonahaq's Assorted Antiques.
  2798 | D:4      | Got the Handbook of the Crypt
  2801 | D:4      | Got Fapiucuj's Almanac of Flux and Ectoplasm
  3521 | D:5      | Entered Level 5 of the Dungeon
  3534 | D:5      | Noticed a water moccasin
  3542 | D:5      | Killed a water moccasin
  3543 | D:5      | Reached skill level 5 in Axes
  3543 | D:5      | Reached skill level 1 in Dodging
  3543 | D:5      | Reached XP level 7. HP: 62/62 MP: 6/6
  3582 | D:5      | Reached skill level 6 in Fighting
  3582 | D:5      | HP: 3/63 [poisoned by a water moccasin]
  3587 | D:5      | HP: 2/63 [poisoned by a water moccasin]
  4055 | D:5      | Noticed a steam dragon
  4069 | D:5      | Killed a steam dragon
  4513 | D:6      | Reached XP level 8. HP: 68/71 MP: 7/7
  4531 | D:6      | Found a bloodstained altar of Trog.
  4540 | D:6      | Reached skill level 7 in Fighting
  4840 | D:6      | Reached skill level 8 in Fighting
  5053 | D:7      | Reached XP level 9. HP: 77/81 MP: 8/8
  5184 | D:7      | Found a staircase to the Ecumenical Temple.
  5193 | Temple   | Entered the Ecumenical Temple
  5265 | D:7      | Reached skill level 9 in Fighting
  5353 | D:7      | Found a sand-covered staircase.
  5370 | Ossuary  | Entered an ossuary
  5482 | Ossuary  | Reached skill level 5 in Dodging
  5891 | D:7      | Reached XP level 10. HP: 93/93 MP: 9/9
  6371 | D:8      | Noticed a two-headed ogre
  6395 | D:7      | Reached skill level 10 in Fighting
  6477 | D:8      | Noticed Pikel
  6640 | D:7      | Killed Pikel
  6734 | D:8      | Reached skill level 10 in Axes
  7039 | D:8      | Killed a two-headed ogre
  7040 | D:8      | Reached skill level 11 in Fighting
  7114 | D:8      | Found a staircase to the Lair.
  7181 | D:8      | Found a stormy altar of Qazlal.
  7206 | D:8      | Found a roughly hewn altar of Beogh.
  7692 | D:9      | Identified the +0 ring mail of Indemnity {Int+3}
  7850 | D:9      | Noticed Harold
  7859 | D:9      | Killed Harold
  7860 | D:9      | Reached XP level 11. HP: 104/104 MP: 10/10
  7947 | D:9      | Found a roughly hewn altar of Beogh.
  7947 | D:9      | Found a staircase to the Orcish Mines.
  8127 | D:9      | Reached skill level 12 in Fighting
  8150 | D:9      | Found an ancient bone altar of Kikubaaqudgha.
  8150 | D:9      | Found a faded altar of an unknown god.
  8158 | D:9      | Found a shimmering altar of Xom.
  8160 | D:9      | Found a faded altar of an unknown god.
  8162 | D:9      | Found a snail-covered altar of Cheibriados.
  8261 | D:10     | Entered Level 10 of the Dungeon
  8274 | D:10     | Found a radiant altar of Vehumet.
  8381 | D:10     | Found an opulent altar of Gozag.
  8776 | D:10     | Found an iron altar of Okawaru.
  8786 | D:10     | Became a worshipper of Warmaster Okawaru
  8970 | D:10     | Noticed a two-headed ogre
  8977 | D:10     | Killed a two-headed ogre
  9128 | Lair:1   | Entered Level 1 of the Lair of Beasts
  9237 | Lair:1   | Found a transporter.
  9240 | Lair:1   | Noticed Remcycle's ghost (novice MfMo)
  9268 | Lair:1   | Reached * piety under Okawaru
  9279 | Lair:1   | Reached skill level 10 in Armour
  9287 | Lair:1   | Reached skill level 13 in Fighting
  9309 | Lair:1   | Reached skill level 10 in Shields
  9326 | Lair:1   | Reached ** piety under Okawaru
  9350 | Lair:1   | Reached skill level 1 in Invocations
  9434 | Lair:1   | Reached XP level 12. HP: 115/115 MP: 10/12
  9448 | Lair:1   | Reached *** piety under Okawaru
  9531 | Lair:1   | Found a transporter.
  9575 | Lair:1   | Reached **** piety under Okawaru
  9581 | Lair:1   | Killed Remcycle's ghost
  9604 | Lair:1   | Identified the ring of Vajuon {rElec rF+ Str+3 Int-5}
  9676 | Lair:1   | Reached skill level 14 in Fighting
 10144 | Lair:2   | Reached ***** piety under Okawaru
 10382 | Lair:2   | Noticed a five-headed hydra
 10390 | Lair:2   | Killed a nine-headed hydra
 10705 | Lair:2   | Reached XP level 13. HP: 109/125 MP: 14/14
 10830 | Lair:2   | Found a staircase to the Swamp.
 11327 | Lair:3   | Found a staircase to the Snake Pit.
 11647 | Lair:3   | Found a gate leading to a gauntlet.
 11656 | Gauntlet | Entered a Gauntlet
 11656 | Gauntlet | Found a transporter.
 11664 | Gauntlet | Found a transporter.
 11666 | Gauntlet | Found a transporter.
 11675 | Gauntlet | Found a transporter.
 11678 | Gauntlet | Found a transporter.
 11697 | Gauntlet | Found a transporter.
 11705 | Gauntlet | Found a transporter.
 11716 | Gauntlet | Found a transporter.
 11727 | Gauntlet | Noticed a cacodemon
 11728 | Gauntlet | Found a transporter.
 11745 | Gauntlet | Found a transporter.
 11756 | Gauntlet | Found a transporter.
 11756 | Gauntlet | Found a transporter.
 11798 | Gauntlet | Found a transporter.
 11813 | Gauntlet | Found a transporter.
 11951 | Gauntlet | Received a gift from Okawaru
 11952 | Gauntlet | Reached skill level 15 in Fighting
 11957 | Gauntlet | Identified the ring of Kunaon {rN+ rCorr Str+3 Stlth+}
 12043 | Gauntlet | Identified the ring of Paranoia {rF- rC++ rN+ Int+4}
 12059 | Gauntlet | Noticed a minotaur
 12069 | Gauntlet | Killed a minotaur
 12630 | Lair:4   | Found a transporter.
 12638 | Lair:4   | Noticed Qiar's ghost (journeyman DsGl)
 12685 | Lair:4   | Reached skill level 15 in Axes
 12776 | Lair:4   | Found a staircase to the Slime Pits.
 12778 | Lair:4   | Found a viscous altar of Jiyva.
 12924 | Lair:4   | Reached skill level 5 in Invocations
 12967 | Lair:4   | Reached ****** piety under Okawaru
 12974 | Lair:4   | Received a gift from Okawaru
 12976 | Lair:4   | Acquired the +10 war axe of Friendship {freeze, Stlth+}
 12976 | Lair:4   | Received a gift from Okawaru
 12978 | Lair:4   | Acquired the +2 cloak of the Thief {*Fog Slay-2 SInv
                  | Stlth+}
 12978 | Lair:4   | Received a gift from Okawaru
 12978 | Lair:4   | Found the +2 cloak of the Thief {*Fog Slay-2 SInv Stlth+}
 13040 | Lair:4   | Found a transporter.
 13564 | Lair:5   | Entered Level 5 of the Lair of Beasts
 13620 | Lair:5   | Received a gift from Okawaru
 13626 | Lair:5   | Reached skill level 1 in Throwing
 13646 | Lair:4   | Reached skill level 16 in Fighting
 13646 | Lair:4   | Reached XP level 14. HP: 97/137 MP: 17/17
 14061 | Lair:4   | Found a transporter.
 14087 | Lair:4   | Found a transporter.
 14110 | Lair:4   | Found a staircase to the Slime Pits.
 14111 | Lair:4   | Found a viscous altar of Jiyva.
 14547 | Lair:5   | Received a gift from Okawaru
 14833 | Lair:5   | Received a gift from Okawaru
 15463 | Lair:4   | Killed Qiar's ghost
 15482 | Lair:4   | Identified the amulet "Toed Rya" {Acrobat Fly rElec Str+3}
 15644 | Orc:1    | Entered Level 1 of the Orcish Mines
 15709 | Orc:1    | Noticed Sonja
 15720 | Orc:1    | Killed Sonja
 16028 | Orc:1    | Received a gift from Okawaru
 16031 | Orc:1    | Paralysed by a hornet for 3 turns
 16411 | Orc:2    | Entered Level 2 of the Orcish Mines
 16470 | Orc:2    | Found Xaarierch's Magic Scroll Boutique.
 16497 | Orc:2    | Found a roughly hewn altar of Beogh.
 16506 | Orc:2    | Reached XP level 15. HP: 130/145 MP: 19/19
 16577 | Orc:2    | Bought a scroll of identify for 22 gold pieces
 16577 | Orc:2    | Bought a scroll of identify for 22 gold pieces
 16577 | Orc:2    | Bought 2 scrolls of identify for 44 gold pieces
 16577 | Orc:2    | Bought a scroll of teleportation for 33 gold pieces
 16577 | Orc:2    | Bought a scroll of identify for 22 gold pieces
 16577 | Orc:2    | Bought a scroll of fear for 44 gold pieces
 16593 | Orc:2    | Found a staircase to the Elven Halls.
 16784 | Orc:2    | Found Ybroar's Armour Shop.
 16810 | Orc:2    | Received a gift from Okawaru
 16833 | Orc:2    | Found Gaqol's Armour Shoppe.
 16878 | Orc:2    | Found Quaho's Armour Shoppe.
 16887 | Orc:2    | Found Feiwapn's Weapon Shop.
 17013 | Orc:2    | Bought the +18 shield of the Gong {Loud rN+ Will+ rCorr
                  | EV-5} for 1438 gold pieces
 17013 | Orc:2    | Found the +18 shield of the Gong {Loud rN+ Will+ rCorr
                  | EV-5}
 17060 | Orc:2    | Identified a scroll of acquirement
 17064 | Orc:2    | Acquired 620 gold pieces
 17806 | D:11     | Upgraded the game from 0.32-a0-526-g7be0c91 to
                  | 0.32-a0-540-g866d131
 18456 | D:12     | Identified the +5 quarterstaff of Fiagotzyet {flame, Will+
                  | Dex+5 Stlth-}
 18465 | D:12     | Identified the +0 buckler "Romia" {Dex+3}
 18883 | D:13     | Reached skill level 5 in Throwing
 18898 | D:13     | Reached skill level 17 in Fighting
 18982 | D:13     | Received a gift from Okawaru
 19049 | D:13     | Found a gate to the Vaults.
 19142 | D:13     | Found a frozen archway.
 19164 | IceCv    | Entered an ice cave
 19656 | D:13     | Received a gift from Okawaru
 20921 | D:14     | Identified the +4 broad axe "Firo" {holy, rElec rPois
                  | Int-3}
 21194 | D:14     | Upgraded the game from 0.32-a0-540-g866d131 to
                  | 0.32-a0-541-gaa138b5
 21245 | D:15     | Entered Level 15 of the Dungeon
 21259 | D:15     | Reached XP level 16. HP: 152/155 MP: 21/21
 21292 | D:15     | Found a broken altar of Ashenzari.
 21301 | D:15     | Received a gift from Okawaru
 21314 | D:15     | Reached skill level 15 in Shields
 21544 | D:15     | Found a staircase to the Depths.
 21903 | D:15     | Found a glowing golden altar of the Shining One.
 22310 | Swamp:1  | Entered Level 1 of the Swamp
 22414 | Swamp:1  | Reached skill level 10 in Dodging
 23068 | Swamp:2  | Received a gift from Okawaru
 23109 | Arena    | Entered the Arena
 24471 | Swamp:3  | Identified the +0 scale mail of Atun {rF+}
 24698 | Swamp:4  | Entered Level 4 of the Swamp
 24728 | Arena    | Entered the Arena
 24762 | Swamp:3  | Received a gift from Okawaru
 25701 | Swamp:4  | Reached skill level 18 in Fighting
 25705 | Swamp:4  | Demolished by a tyrant leech

Illustrated notes

Levels and vault maps discovered:
D:1:      wander_arrival_estate, layout_basic,
          dreamdust_ecumenical_altar_statues
D:2:      layout_basic
D:3:      layout_rooms, nicolae_overflow_two_pavilions, zin_treasury,
          general_overflow_altar, gup_sewer_entry_pipe, nicolae_shop_vocational,
          uniq_crazy_yiuf_cottage
D:4:      layout_loops_ring, serial_library,
          serial_library_hellmonk_small_corner,
          serial_library_regret_index_headful,
          serial_library_hellmonk_small_corner,
          serial_library_regret_index_split_case,
          serial_library_hellmonk_big_corner, serial_library_hellmonk_room_b,
          serial_library_regret_index_split_case,
          serial_library_regret_index_double_sided,
          serial_library_hellmonk_filled_rooms,
          serial_library_hellmonk_hallway_a, serial_shops,
          nicolae_shop_temple_entry_statues_fountains
D:5:      layout_cave_pools, chequers_serial_rivers_micro_c, dk_vineyard_1,
          chequers_big_river
D:6:      layout_rooms, trog_ov_bears_minmay
D:7:      layout_layer_cave, minmay_temple_entry_sparse_star,
          nicolae_ossuary_entry_monument
D:8:      layout_loops_ring, mainiacjoe_overflow_chevrons, erik_lair_island,
          special_room [special_room_orc], nicolae_kite_square_tiling_tiny,
          uniq_pikel
D:9:      layout_rooms, chequers_temple_overflow_minitemple, david_orc_5,
          serial_glass, glass_columns_a, glass_columns_a, glass_columns_b,
          glass_columns_c, glass_columns_a, glass_columns_a, grunt_decor_cap,
          uniq_harold
D:10:     layout_irregular_city, vehumet_crystals, nicolae_gozag_seed_capital,
          mainiacjoe_overflow_catwalk, minmay_fractal_squares_gapless_5
D:11:     layout_big_octagon
D:12:     layout_stronghold, minivault_10
D:13:     hangedman_elemental_death_ray, layout_long_grid,
          lightli_vaults_fourway_checkpoint, portal_ice_cave_demonic_guard
D:14:     layout_long_grid, chequers_hall_statues_wall_a, minmay_radiant
D:15:     grunt_enter_depths_hoard, layout_irregular_city,
          cheibrodos_ashenzari_chains, tso_altar
Temple:   zaba_magenta_temple
Lair:1:   layout_chaotic_city, gammafunk_ghost_berserking_beasts,
          beast_lair_carwin_7
Lair:2:   layout_hall_layers, mainiacjoe_swamp_entry_lozenge_pond, special_room
          [special_room_bee], dreamdust_mushroom_princess,
          chequers_serial_rivers_large_b, lemuel_fruit_fields,
          grunt_megastairs_5, lemuel_fruit_tree
Lair:3:   layout_long_grid, guppyfry_snake_entry_garden, gauntlet_entry_generic,
          minmay_hedge_maze
Lair:4:   layout_regular_city, slime_entry_1, nzn_ghost_randoct,
          grunt_megastairs_3
Lair:5:   minmay_lair_end_frog_pond, layout_misc_corridors
Swamp:1:  layout_basic_swamp, nicolae_swamp_stuck_in_the_mud
Swamp:2:  layout_falls_marsh, evilmike_swamp_ruin_wall, hangedman_swamp_lotus
Swamp:3:  nicolae_swamp_wrong_neighborhood, layout_falls_marsh,
          evilmike_swamp_ruin_house_5
Swamp:4:  swamp, layout_basic_swamp, swamp_pool_5
Orc:1:    hellmonk_paralyzer, layout_caves, uniq_sonja
Orc:2:    st_orc_elflike, layout_diamond_mine, serial_shops,
          nicolae_square_shop, nicolae_orc_seminary

Skill      XL: |  1  2  3  4  5  6  7  8  9 10 11 12 13 14 15 16 |
---------------+-------------------------------------------------+-----
Fighting       | 4 5 6 8 9 11 13 14 16 17 18 | 18.0
Armour         | 4 5 6 7 8 9 10 11 12 13 14 | 14.7
Shields        | 4 5 6 7 9 10 11 12 13 14 16 | 16.3
Axes           | 3 4 5 6 7 9 11 13 14 15 16 17 | 17.7
Dodging        | 1 2 3 5 6 7 8 9 10 | 10.7
Invocations    | 1 3 5 7 8 9 |  9.2
Throwing       | 1 4 6 7 |  7.0

Action                     |  1- 3 |  4- 6 |  7- 9 | 10-12 | 13-15 | 16-18 || total
---------------------------+-------+-------+-------+-------+-------+-------++-------
  Melee: War axe           |    79 |   102 |   301 |   564 |  1023 |       ||  2069
         Headbutt          |    11 |    13 |    54 |   120 |   243 |   131 ||   572
         Broad axe         |       |       |       |       |    11 |   525 ||   536
  Throw: Javelin           |       |       |       |       |     6 |     6 ||    12
 Invoke: Heroism           |       |       |       |     2 |     9 |    12 ||    23
         Receive Weapon    |       |       |       |       |     1 |       ||     1
         Receive Armour    |       |       |       |       |     1 |       ||     1
         Duel              |       |       |       |       |       |     2 ||     2
  Evoke: Wand              |       |       |       |     1 |       |       ||     1
    Use: Potion            |       |     1 |       |     1 |     2 |     7 ||    11
         Scroll            |       |       |       |    12 |    18 |     7 ||    37
 Armour: Scale mail        |    62 |    55 |       |       |       |       ||   117
         Plate armour      |       |    36 |   242 |   400 |   442 |   433 ||  1553
  Dodge: Dodged            |    52 |    45 |   123 |   303 |   294 |   174 ||   991
         Repelled          |       |     1 |       |     9 |     4 |       ||    14
  Block: Buckler           |    21 |    25 |       |       |       |       ||    46
         Kite shield       |       |     4 |   146 |   344 |   682 |   735 ||  1911
         Tower shield      |       |       |       |       |   153 |       ||   153

Table legend: (Time is in decaauts)
 A = Elapsed time spent in this place.
 B = Non-inter-level travel time spent in this place.
 C = Inter-level travel time spent in this place.
 D = Time resting spent in this place.
 E = Time spent auto-exploring this place.
 F = Levels seen in this place.
 G = Mean time per level.
                   A        B        C        D        E       F      G
               +--------+--------+--------+--------+--------+-----+--------+
         Total |  25909 |  23370 |   2539 |   1944 |  16028 |  33 |  785.1 |
       Dungeon |  13405 |  11595 |   1810 |    566 |   8577 |  15 |  893.7 |
        Temple |      1 |      1 |      0 |      0 |      0 |   1 |    1.0 |
          Lair |   6005 |   5549 |    456 |    518 |   3816 |   5 | 1201.0 |
         Swamp |   3440 |   3289 |    151 |    734 |   1768 |   4 |  860.0 |
  Orcish Mines |   1459 |   1338 |    121 |     13 |   1008 |   2 |  729.5 |
         Sewer |    314 |    314 |      0 |      0 |    245 |   1 |  314.0 |
       Ossuary |    278 |    278 |      0 |      0 |    133 |   1 |  278.0 |
      Ice Cave |    441 |    441 |      0 |     22 |    185 |   1 |  441.0 |
      Gauntlet |    510 |    510 |      0 |     54 |    294 |   1 |  510.0 |
         Arena |     53 |     53 |      0 |     37 |      0 |   2 |   26.5 |
               +--------+--------+--------+--------+--------+-----+--------+

Top non-repeatable levels by time:
  Lair:4: 1885 daAuts
 Swamp:3: 1537 daAuts
     D:7: 1351 daAuts
     D:8: 1216 daAuts
     D:4: 1209 daAuts
  Lair:2: 1186 daAuts
    D:13: 1076 daAuts
 Swamp:1: 1058 daAuts
    D:12: 1025 daAuts
     D:5: 1015 daAuts
  Lair:1: 1005 daAuts
  Lair:3: 966 daAuts
  Lair:5: 962 daAuts
    D:14: 896 daAuts
    D:10: 817 daAuts
